PL
NORTHERN VIRGINIA RAINBOW MERMAIDS @ PHOENIX HOTSPUR
09/18/2030
 
TOP OF THE 1ST
Northern Virginia Rainbow Mermaids batting - Pitching for Phoenix Hotspur : LHP Wes Hamm
Pitching: LHP Wes Hamm
Batting: RHB Colt Cabana 0-0: Foul Ball, location: 2F
0-1: Ball
1-1: SINGLE (Line Drive, 7S)
Batting: LHB Scott Kerin 0-0: Ball
1-0: Ball
2-0: Foul Ball, location: 2F
2-1: Ball
3-1: Ground out U3 (Groundball, 3S)
Colt Cabana to second
Batting: LHB Kyoji Hakoda 0-0: Foul Ball, location: 2F
0-1: Ground out 4-3 (Groundball, 34D)
Colt Cabana to third
Batting: RHB Zahid Kashani 0-0: Ball
1-0: Called Strike
1-1: Ball
2-1: Ball
3-1: Fly out, F6 (Line Drive, 56)
Top of the 1st over - 0 runs, 1 hit, 0 errors, 1 left on base; Northern Virginia 0 - Phoenix 0
BOTTOM OF THE 1ST
Phoenix Hotspur batting - Pitching for Northern Virginia Rainbow Mermaids : LHP Raúl Gómez
Pitching: LHP Raúl Gómez
Batting: LHB Francisco García 0-0: Fly out, F6 (Line Drive, 6M)
Batting: RHB Kyle Bywaters 0-0: Called Strike
0-1: Swinging Strike
0-2: Strikes out swinging
Batting: RHB John Downing 0-0: Ball
1-0: Ball
2-0: Ball
3-0: Called Strike
3-1: Foul Ball, location: 2F
3-2: Base on Balls
Batting: RHB Gabriel Pérez 0-0: Ball
1-0: Called Strike
1-1: Swinging Strike
1-2: Foul Ball, location: 2F
1-2: Foul Ball, location: 2F
1-2: Ball
2-2: Ball
3-2: Strikes out swinging
Bottom of the 1st over - 0 runs, 0 hits, 0 errors, 1 left on base; Northern Virginia 0 - Phoenix 0
TOP OF THE 2ND
Northern Virginia Rainbow Mermaids batting - Pitching for Phoenix Hotspur : LHP Wes Hamm
Batting: RHB Edgar Baeza 0-0: Called Strike
0-1: Ball
1-1: Ball
2-1: Foul Ball, location: 2F
2-2: Strikes out swinging
Batting: RHB Shohei Kiyomizu 0-0: Ball
1-0: Ball
2-0: Called Strike
2-1: SOLO HOME RUN (Flyball, 9LD), Distance : 347 ft
Batting: LHB Ty Tomblin 0-0: Ball
1-0: Ball
2-0: Called Strike
2-1: Ground out 3-1 (Groundball, 34)
Batting: RHB Tommy Socorro 0-0: Ball
1-0: Ball
2-0: Ground out 5-3 (Groundball, 56)
Top of the 2nd over - 1 run, 1 hit, 0 errors, 0 left on base; Northern Virginia 1 - Phoenix 0
BOTTOM OF THE 2ND
Phoenix Hotspur batting - Pitching for Northern Virginia Rainbow Mermaids : LHP Raúl Gómez
Batting: LHB Shojiro Ueda 0-0: Called Strike
0-1: Ball
1-1: Ball
2-1: Fly out, F8 (Flyball, 8LD)
Batting: RHB Randy Rehling 0-0: Foul Ball, location: 2F
0-1: Called Strike
0-2: Foul Ball, location: 2F
0-2: Ball
1-2: Fly out, F8 (Flyball, 78XD)
Batting: RHB Alex Niemann 0-0: Ball
1-0: Called Strike
1-1: Foul Ball, location: 2F
1-2: Ball
2-2: Foul Ball, location: 2F
2-2: Fly out, F9 (Flyball, 9S)
Bottom of the 2nd over - 0 runs, 0 hits, 0 errors, 0 left on base; Northern Virginia 1 - Phoenix 0
TOP OF THE 3RD
Northern Virginia Rainbow Mermaids batting - Pitching for Phoenix Hotspur : LHP Wes Hamm
Batting: RHB Lionel McCloud 0-0: Swinging Strike
0-1: Ball
1-1: Foul Ball, location: 2F
1-2: Foul Ball, location: 2F
1-2: Foul Ball, location: 2F
1-2: Ball
2-2: DOUBLE (Flyball, 78XD)
Batting: RHB Colt Cabana 0-0: Ball
1-0: Ball
2-0: Ground out 5-3 (Groundball, 56)
Batting: LHB Scott Kerin 0-0: DOUBLE (Line Drive, 9LM)
Lionel McCloud scores
Batting: LHB Kyoji Hakoda 0-0: Fly out, F4 (Popup, 34S)
Batting: RHB Zahid Kashani 0-0: Called Strike
0-1: Ball
1-1: Ball
2-1: Foul Ball, location: 2F
2-2: Strikes out swinging
Top of the 3rd over - 1 run, 2 hits, 0 errors, 1 left on base; Northern Virginia 2 - Phoenix 0
BOTTOM OF THE 3RD
Phoenix Hotspur batting - Pitching for Northern Virginia Rainbow Mermaids : LHP Raúl Gómez
Batting: LHB Wagaw Lukongolo 0-0: Called Strike
0-1: Reached on error, E4 (Groundball, 4M)
Batting: RHB Jesús Álvarez 0-0: Called Strike
0-1: Swinging Strike
0-2: Ball
1-2: Ball
2-2: Strikes out swinging
Batting: LHB Francisco García 0-0: Ball
Wild Pitch!
Wagaw Lukongolo to second
1-0: Ball
2-0: Ground out U3 (Groundball, 34)
Wagaw Lukongolo to third
Batting: RHB Kyle Bywaters 0-0: Called Strike
0-1: Ball
1-1: Ball
2-1: Ball
3-1: Ground out 6-3 (Groundball, 6)
Bottom of the 3rd over - 0 runs, 0 hits, 1 error, 1 left on base; Northern Virginia 2 - Phoenix 0
TOP OF THE 4TH
Northern Virginia Rainbow Mermaids batting - Pitching for Phoenix Hotspur : LHP Wes Hamm
Batting: RHB Edgar Baeza 0-0: Ball
1-0: Ground out 5-3 (Groundball, 56S)
Batting: RHB Shohei Kiyomizu 0-0: Ball
1-0: Ground out 6-3 (Groundball, 6)
Batting: LHB Ty Tomblin 0-0: Ball
1-0: Ball
2-0: Foul Ball, location: 2F
2-1: SINGLE (Groundball, 6D)
Batting: RHB Tommy Socorro 0-0: Swinging Strike
0-1: Foul Ball, location: 2F
0-2: Ball
1-2: Ball
2-2: Ball
3-2: Strikes out looking
Top of the 4th over - 0 runs, 1 hit, 0 errors, 1 left on base; Northern Virginia 2 - Phoenix 0
BOTTOM OF THE 4TH
Phoenix Hotspur batting - Pitching for Northern Virginia Rainbow Mermaids : LHP Raúl Gómez
Batting: RHB John Downing 0-0: Ball
1-0: Swinging Strike
1-1: SINGLE (Groundball, 6MD)
Batting: RHB Gabriel Pérez 0-0: Called Strike
0-1: Swinging Strike
0-2: Foul Ball, location: 2F
0-2: Ball
1-2: Ball
2-2: Fly out, F8 (Flyball, 8RS)
Batting: LHB Shojiro Ueda 0-0: Called Strike
0-1: Ball
1-1: Called Strike
1-2: Foul Ball, location: 2F
1-2: Fielders Choice at 2nd, 6-4 (Groundball, 6)
Batting: RHB Randy Rehling 0-0: Ball
1-0: Called Strike
1-1: Ball
2-1: SINGLE (Flyball, 7LS)
Shojiro Ueda to second
Batting: RHB Alex Niemann 0-0: Called Strike
0-1: Called Strike
0-2: Strikes out swinging
Bottom of the 4th over - 0 runs, 2 hits, 0 errors, 2 left on base; Northern Virginia 2 - Phoenix 0
TOP OF THE 5TH
Northern Virginia Rainbow Mermaids batting - Pitching for Phoenix Hotspur : LHP Wes Hamm
Batting: RHB Lionel McCloud 0-0: Called Strike
0-1: Foul Ball, location: 2F
0-2: Fly out, F4 (Line Drive, 4M)
Batting: RHB Colt Cabana 0-0: Called Strike
0-1: Called Strike
0-2: Fly out, F5 (Popup, 5F)
Batting: LHB Scott Kerin 0-0: Fly out, F9 (Line Drive, 9)
Top of the 5th over - 0 runs, 0 hits, 0 errors, 0 left on base; Northern Virginia 2 - Phoenix 0
BOTTOM OF THE 5TH
Phoenix Hotspur batting - Pitching for Northern Virginia Rainbow Mermaids : LHP Raúl Gómez
Batting: LHB Wagaw Lukongolo 0-0: Bunt for hit - play at first, batter safe!
Batting: RHB Jesús Álvarez 0-0: Ball
1-0: Bunted foul
1-1: Ball
2-1: Sac Bunt - play at first, batter OUT! 2-4
Wagaw Lukongolo to second
Batting: LHB Francisco García 0-0: Called Strike
0-1: SINGLE (Line Drive, 78M)
Wagaw Lukongolo to third
Runner from 3rd tries for Home, SAFE, no throw
Batting: RHB Kyle Bywaters 0-0: Ball
1-0: Ball
2-0: Called Strike
Balk!
Francisco García to second
2-1: Fly out, F9 (Flyball, 9S)
Batting: RHB John Downing 0-0: Foul Ball, location: 2F
0-1: Ball
1-1: Swinging Strike
1-2: SINGLE (Line Drive, 56D)
Francisco García to third
Runner from 3rd tries for Home, SAFE, no throw
Batting: RHB Gabriel Pérez 0-0: Fly out, F6 (Popup, 6)
Bottom of the 5th over - 2 runs, 3 hits, 0 errors, 1 left on base; Northern Virginia 2 - Phoenix 2
TOP OF THE 6TH
Northern Virginia Rainbow Mermaids batting - Pitching for Phoenix Hotspur : LHP Wes Hamm
Batting: LHB Kyoji Hakoda 0-0: Foul Ball, location: 2F
0-1: Called Strike
0-2: Strikes out swinging
Batting: RHB Zahid Kashani 0-0: Ball
1-0: Foul Ball, location: 2F
1-1: Fly out, F8 (Line Drive, 8LM)
Batting: RHB Edgar Baeza 0-0: Ball
1-0: Ground out 5-3 (Groundball, 5L)
Top of the 6th over - 0 runs, 0 hits, 0 errors, 0 left on base; Northern Virginia 2 - Phoenix 2
BOTTOM OF THE 6TH
Phoenix Hotspur batting - Pitching for Northern Virginia Rainbow Mermaids : LHP Raúl Gómez
Batting: LHB Shojiro Ueda 0-0: Called Strike
0-1: Ball
1-1: Ball
2-1: Foul Ball, location: 2F
2-2: DOUBLE (Line Drive, 89M)
Batting: RHB Randy Rehling 0-0: Foul Ball, location: 2F
0-1: SINGLE (Flyball, 9LM)
Shojiro Ueda to third
Batting: RHB Alex Niemann 0-0: Ball
1-0: Called Strike
1-1: Ground out 6-3 (Groundball, 6M)
Randy Rehling to second
Batting: LHB Wagaw Lukongolo 0-0: Ball
1-0: Swinging Strike
1-1: Called Strike
1-2: Strikes out swinging
Pitching: RHP Iván García
Batting: RHB Jesús Álvarez 0-0: Ball
1-0: Called Strike
1-1: Ball
2-1: Foul Ball, location: 2F
2-2: Strikes out swinging
Bottom of the 6th over - 0 runs, 2 hits, 0 errors, 2 left on base; Northern Virginia 2 - Phoenix 2
TOP OF THE 7TH
Northern Virginia Rainbow Mermaids batting - Pitching for Phoenix Hotspur : LHP Wes Hamm
Batting: RHB Shohei Kiyomizu 0-0: Ball
1-0: Swinging Strike
1-1: Foul Ball, location: 2F
1-2: Ground out 6-3 (Groundball, 6)
Batting: LHB Ty Tomblin 0-0: Ball
1-0: SINGLE (Groundball, 4S) (infield hit)
Batting: RHB Tommy Socorro 0-0: Called Strike
0-1: Ball
1-1: Ball
2-1: Ball
3-1: Called Strike
3-2: SINGLE (Groundball, 56D)
Ty Tomblin to second
Ty Tomblin to third
Batting: RHB Lionel McCloud 0-0: Ball
1-0: Grounds into double play, 6-4-3 (Groundball, 6)
Top of the 7th over - 0 runs, 2 hits, 0 errors, 1 left on base; Northern Virginia 2 - Phoenix 2
BOTTOM OF THE 7TH
Phoenix Hotspur batting - Pitching for Northern Virginia Rainbow Mermaids : RHP Iván García
Batting: LHB Francisco García 0-0: SINGLE (Groundball, 6MD)
Batting: RHB Kyle Bywaters 0-0: Bunt missed!
0-1: Ball
1-1: Sac Bunt - play at first, batter OUT! 5-4
Francisco García to second
Batting: RHB John Downing 0-0: Swinging Strike
0-1: Foul Ball, location: 2F
0-2: Foul Ball, location: 2F
0-2: Ball
1-2: SINGLE (Flyball, 7LS)
Francisco García to third
Runner from 3rd tries for Home, SAFE, no throw
Batting: RHB Gabriel Pérez 0-0: Called Strike
0-1: Ball
1-1: Ball
2-1: Foul Ball, location: 2F
2-2: Foul Ball, location: 2F
2-2: Foul Ball, location: 2F
2-2: Foul Ball, location: 2F
2-2: Ball
3-2: Fly out, F9 (Flyball, 89XD)
Pinch Runner at 1st Pierre Bernard:
Batting: LHB Shojiro Ueda 0-0: Ball
1-0: Swinging Strike
1-1: Ball
2-1: Ball
3-1: Foul Ball, location: 2F
3-2: Strikes out swinging
Bottom of the 7th over - 1 run, 2 hits, 0 errors, 1 left on base; Northern Virginia 2 - Phoenix 3
TOP OF THE 8TH
Northern Virginia Rainbow Mermaids batting - Pitching for Phoenix Hotspur : LHP Wes Hamm
Batting: RHB Colt Cabana 0-0: Ball
1-0: Fly out, F9 (Flyball, 89D)
Batting: LHB Scott Kerin 0-0: Foul Ball, location: 2F
0-1: Foul Ball, location: 2F
0-2: Foul Ball, location: 2F
0-2: Ball
1-2: Ball
2-2: Foul Ball, location: 2F
2-2: Fly out, F9 (Flyball, 9)
Batting: LHB Kyoji Hakoda 0-0: Ball
1-0: Ball
2-0: Ball
3-0: Base on Balls
Pitching: RHP Mitchell Atwell
Pinch Hitting: SHB Melito Báez 0-0: Ball
1-0: Foul Ball, location: 2F
1-1: SINGLE (Flyball, 8LS)
Kyoji Hakoda to second
Runner from 2nd tries for 3rd, SAFE, no throw
Batting: RHB Edgar Baeza 0-0: Fielders Choice at 2nd, 5-4 (Groundball, 56)
Top of the 8th over - 0 runs, 1 hit, 0 errors, 2 left on base; Northern Virginia 2 - Phoenix 3
BOTTOM OF THE 8TH
Phoenix Hotspur batting - Pitching for Northern Virginia Rainbow Mermaids : RHP Iván García
Now at 2B: Melito Báez
Batting: RHB Randy Rehling 0-0: Ball
1-0: Ball
2-0: Ball
3-0: Called Strike
3-1: Called Strike
3-2: Foul Ball, location: 2F
3-2: Strikes out swinging
Batting: RHB Alex Niemann 0-0: Called Strike
0-1: Ground out 5-3 (Groundball, 5)
Batting: LHB Wagaw Lukongolo 0-0: Ball
1-0: Foul Ball, location: 2F
1-1: Foul Ball, location: 2F
1-2: Fly out, F7 (Flyball, 7LS)
Bottom of the 8th over - 0 runs, 0 hits, 0 errors, 0 left on base; Northern Virginia 2 - Phoenix 3
TOP OF THE 9TH
Northern Virginia Rainbow Mermaids batting - Pitching for Phoenix Hotspur : RHP Mitchell Atwell
Pinch Hitting: LHB Chia-ch'ing Dodman 0-0: Ball
1-0: Ball
2-0: Ground out U3 (Groundball, 3)
Batting: LHB Ty Tomblin 0-0: Called Strike
0-1: Called Strike
0-2: Ball
1-2: Strikes out swinging
Pinch Hitting: LHB Miguel Gazivoda 0-0: Ball
1-0: Fly out, F8 (Flyball, 8RM)
Top of the 9th over - 0 runs, 0 hits, 0 errors, 0 left on base; Northern Virginia 2 - Phoenix 3
Sunday, March 18th, 2018 - OOTP Baseball 18.8 Build 76